Workbook

Sheet Параметры ПФ
A1: Наименование муниципалитета | C1: Шамильский район | F1: Численность детей от 5 до 18 лет, всего | I1: 6306 | N1: 2023 | O1: 2024 | P1: 2025
M2: Установленный процент охвата | N2: 3 | O2: 3 | P2: 3
A3: Средняя зарплата по региону (целевой индикатор по Указу) | B3: 2023 | C3: 35465 | E3: Направленность | F3: Техническая | G3: Естественнонаучная | H3: Художественная | I3: Туристско-краеведческая | J3: Физкультурно-спортивная | K3: Социально-гуманитарная | M3: Соблюдение установленного охвата | N3: =IF($I$1/100*N2>N8+N13+N18,"Охват недостаточен","Соблюдено") -> Соблюдено | O3: =IF($I$1/100*O2>O8+O13+O18,"Охват недостаточен","Соблюдено") -> Соблюдено | P3: =IF($I$1/100*P2>P8+P13+P18,"Охват недостаточен","Соблюдено") -> Соблюдено
B4: 2024 | C4: 39349 | E4: Среднее число учащихся на педагога Qсред | F4: 78 | G4: 78 | H4: 78 | I4: 78 | J4: 80 | K4: 78 | M4: Все дети от 5 до 18 лет
B5: 2025 | C5: 44083 | E5: Средняя норма часов в год на одного ребенка Vчас | F5: 144 | G5: 144 | H5: 144 | I5: 144 | J5: 144 | K5: 144 | M5: Максимальный норматив ПФ | N5: =MAX(F8:K8) -> 69.69 | O5: =MAX(F14:K14) -> 76.94 | P5: =MAX(F15:K15) -> 85.5
A6: Коэффициент доли работников АУП | C6: 0.3 | E6: Минимальное число детей в группе | F6: 10 | G6: 10 | H6: 10 | I6: 10 | J6: 10 | K6: 10 | M6: Количество часов, покрываемое номиналом | N6: 216 | O6: 216 | P6: 216
A7: Параметры 2023 года | E7: Максимальное число детей в группе | F7: 15 | G7: 15 | H7: 15 | I7: 15 | J7: 15 | K7: 15 | M7: Номинал сертификата | N7: =ROUNDUP(N6*N5,-1) -> 15060 | O7: =ROUNDUP(O6*O5,-1) -> 16620 | P7: =ROUNDUP(P6*P5,-1) -> 18470
A8: Сумма затрат на повышение квалификации, в день | C8: 500 | E8: Нормативные затраты на час Х+1 года | F8: =SUM(F9:F13) -> 69.69 | G8: =SUM(G9:G13) -> 69.69 | H8: =SUM(H9:H13) -> 69.69 | I8: =SUM(I9:I13) -> 69.69 | J8: =SUM(J9:J13) -> 68.08 | K8: =SUM(K9:K13) -> 69.69 | M8: Число сертификатов с определенным номиналом | N8: 200 | O8: 200 | P8: 200
A9: Стоимость медосмотра | C9: 1150 | E9: Затраты на оплату труда педагогических работников | F9: =$C$3*12*1.302/F4/F5 -> 49.33 | G9: =$C$3*12*1.302/G4/G5 -> 49.33 | H9: =$C$3*12*1.302/H4/H5 -> 49.33 | I9: =$C$3*12*1.302/I4/I5 -> 49.33 | J9: =$C$3*12*1.302/J4/J5 -> 48.1 | K9: =$C$3*12*1.302/K4/K5 -> 49.33 | M9: Дети от 5 до 18 лет с ограниченными возможностями здоровья (ОВЗ)
A10: Затраты на содержание имущества, на час реализации программы | C10: 4.77 | E10: Затраты на оплату труда АУП | F10: =F9*$C$6 -> 14.8 | G10: =G9*$C$6 -> 14.8 | H10: =H9*$C$6 -> 14.8 | I10: =I9*$C$6 -> 14.8 | J10: =J9*$C$6 -> 14.43 | K10: =K9*$C$6 -> 14.8 | M10: Максимальный норматив ПФ | N10: =MAX(F8:K8)*G19 -> 69.69 | O10: =MAX(F14:K14)*G19 -> 76.94 | P10: =MAX(F15:K15)*G19 -> 85.5
A11: Стоимость комплекта средств обучения, по направленностям | E11: Затраты на повышение квал-ии и медосмотры | F11: =($C$8*14)/3/F4/F5+$C$9/F4/F5 -> 0.31 | G11: =($C$8*14)/3/G4/G5+$C$9/G4/G5 -> 0.31 | H11: =($C$8*14)/3/H4/H5+$C$9/H4/H5 -> 0.31 | I11: =($C$8*14)/3/I4/I5+$C$9/I4/I5 -> 0.31 | J11: =($C$8*14)/3/J4/J5+$C$9/J4/J5 -> 0.3 | K11: =($C$8*14)/3/K4/K5+$C$9/K4/K5 -> 0.31 | M11: Количество часов, покрываемое номиналом | N11: 0 | O11: 0 | P11: 0
A12: Техническая | C12: 60000 | E12: Затраты на приобретение средств обучения и учебной литературы | F12: =((VLOOKUP(F3,$A$12:$C$17,3,FALSE))/7/$C$18/(AVERAGE(F6,F7)))+(($C$19*0.5)/5/$C$18) -> 0.48 | G12: =((VLOOKUP(G3,$A$12:$C$17,3,FALSE))/7/$C$18/(AVERAGE(G6,G7)))+(($C$19*0.5)/5/$C$18) -> 0.48 | H12: =((VLOOKUP(H3,$A$12:$C$17,3,FALSE))/7/$C$18/(AVERAGE(H6,H7)))+(($C$19*0.5)/5/$C$18) -> 0.48 | I12: =((VLOOKUP(I3,$A$12:$C$17,3,FALSE))/7/$C$18/(AVERAGE(I6,I7)))+(($C$19*0.5)/5/$C$18) -> 0.48 | J12: =((VLOOKUP(J3,$A$12:$C$17,3,FALSE))/7/$C$18/(AVERAGE(J6,J7)))+(($C$19*0.5)/5/$C$18) -> 0.48 | K12: =((VLOOKUP(K3,$A$12:$C$17,3,FALSE))/7/$C$18/(AVERAGE(K6,K7)))+(($C$19*0.5)/5/$C$18) -> 0.48 | M12: Номинал сертификата* | N12: =ROUNDUP(N11*N10,-1) -> 0 | O12: =ROUNDUP(O11*O10,-1) -> 0 | P12: =ROUNDUP(P11*P10,-1) -> 0
A13: Естественнонаучная | C13: 60000 | E13: Затраты на содержание имущества | F13: =$C$10 -> 4.77 | G13: =$C$10 -> 4.77 | H13: =$C$10 -> 4.77 | I13: =$C$10 -> 4.77 | J13: =$C$10 -> 4.77 | K13: =$C$10 -> 4.77 | M13: Число сертификатов с определенным номиналом | N13: 0 | O13: 0 | P13: 0
A14: Художественная | C14: 60000 | E14: Нормативные затраты на час Х+2 года | F14: =($C$4*12*1.302/F4/F5)*(1+$C$6)+(F11+F12+F13)*$C20 -> 76.94 | G14: =($C$4*12*1.302/G4/G5)*(1+$C$6)+(G11+G12+G13)*$C20 -> 76.94 | H14: =($C$4*12*1.302/H4/H5)*(1+$C$6)+(H11+H12+H13)*$C20 -> 76.94 | I14: =($C$4*12*1.302/I4/I5)*(1+$C$6)+(I11+I12+I13)*$C20 -> 76.94 | J14: =($C$4*12*1.302/J4/J5)*(1+$C$6)+(J11+J12+J13)*$C20 -> 75.15 | K14: =($C$4*12*1.302/K4/K5)*(1+$C$6)+(K11+K12+K13)*$C20 -> 76.94 | M14: Дополнительная категория ( запоняется муниципалитетом самостоятельно)
A15: Туристско-краеведческая | C15: 60000 | E15: Нормативные затраты на час Х+3 года | F15: =($C$5*12*1.302/F4/F5)*(1+$C$6)+(F12+F13+F11)*$C21 -> 85.5 | G15: =($C$5*12*1.302/G4/G5)*(1+$C$6)+(G12+G13+G11)*$C21 -> 85.5 | H15: =($C$5*12*1.302/H4/H5)*(1+$C$6)+(H12+H13+H11)*$C21 -> 85.5 | I15: =($C$5*12*1.302/I4/I5)*(1+$C$6)+(I12+I13+I11)*$C21 -> 85.5 | J15: =($C$5*12*1.302/J4/J5)*(1+$C$6)+(J12+J13+J11)*$C21 -> 83.5 | K15: =($C$5*12*1.302/K4/K5)*(1+$C$6)+(K12+K13+K11)*$C21 -> 85.5 | M15: Максимальный норматив ПФ | N15: =MAX(F8:K8) -> 69.69 | O15: =MAX(F14:K14) -> 76.94 | P15: =MAX(F15:K15) -> 85.5
A16: Физкультурно-спортивная | C16: 60000 | M16: Количество часов, покрываемое номиналом | N16: 0 | O16: 0 | P16: 0
A17: Социально-гуманитарная | C17: 60000 | E17: Справочно число педчасов на указную зарплату при установленных параметрах | F17: =F4/(F6+F7)*2*(F5/36) -> 24.96 | G17: =G4/(G6+G7)*2*(G5/36) -> 24.96 | H17: =H4/(H6+H7)*2*(H5/36) -> 24.96 | I17: =I4/(I6+I7)*2*(I5/36) -> 24.96 | J17: =J4/(J6+J7)*2*(J5/36) -> 25.6 | K17: =K4/(K6+K7)*2*(K5/36) -> 24.96 | M17: Номинал сертификата* | N17: =ROUNDUP(N16*N15*G23,-1) -> 0 | O17: =ROUNDUP(O16*O15*G23,-1) -> 0 | P17: =ROUNDUP(P16*P15*G23,-1) -> 0
A18: Норматив использования средств обучения в часах в год | C18: 1440 | E18: Отраслевые коэффициенты | M18: Число сертификатов с определенным номиналом | N18: 0 | O18: 0 | P18: 0
A19: Стоимость учебного пособия | C19: 0 | E19: Адаптированная программа для детей с ОВЗ | G19: 1 | M19: Объем финансового обеспечения ПФ ДОД, рублей | N19: =N7*N8+N12*N13+N17*N18 -> 3012000 | O19: =O7*O8+O12*O13+O17*O18 -> 3324000 | P19: =P7*P8+P12*P13+P17*P18 -> 3694000
A20: Прогнозный уровень инфляции (индексация расходов, не связанных с оплатой труда) | B20: 2024 | C20: 1.04 | M20: В том числе за счет средств областного бюджета (прогнозно)
B21: 2025 | C21: 1.04 | E21: Программа в дистанционной форме | G21: 1 | M21: В том числе на гранты в форме субсидий (допустимое значение от 2% до 10%) | N21: =N19-('Стандартные программы'!L36+'Дистанционные программы'!L39+'Очно-заочные программы'!L39+'Адаптированные программы'!L39) -> 70944 | O21: =N21/N19*O19 -> 78293 | P21: =N21/N19*P19 -> 87008
E22: Программа в очно-заочной форме | G22: 1 | N22: =N21/N19 -> 0.024 | O22: =O21/O19 -> 0.024 | P22: =P21/P19 -> 0.024
E23: Коэффициент к дополнительной категории | M23: *Не может быть менее устанавливаемого для всех детей в возрасте от 5 до 18 лет

Sheet Стандартные программы
A1: Учреждение | B1: Программа | C1: Направленность | D1: Количество учебных недель в году | E1: Количество учебных недель в периоде обучения | F1: Количество учебных часов в неделю | G1: Количество мест | H1: Предполагаемая цена за чел/час | I1: Норматив затрат по ПФ | J1: Стоимость 1 места в периоде обучения | K1: Оплата 1 места в периоде обучения сертификатом | L1: ДОХОД учреждения по ПФ ДОД | M1: Объем муниципального задания ПФ ДОД, человеко-часов | N1: Доплата со стороны родителей за 1 место в периоде обучения
A2: МБУ ДО "Урадинская ДЮСШ им. Сураката Асиятилова" | B2: Вольная борьба | C2: Физкультурно-спортивная | D2: 36 | E2: 36 | F2: 6 | G2: 35 | H2: 75.65 | I2: =HLOOKUP($C2,'Параметры ПФ'!$F$3:$K$8,6,FALSE) -> 68.08 | J2: =IF(H2=0,I2*F2*E2,IF(I2>H2,H2*F2*E2,I2*F2*E2)) -> 14705.28 | K2: =IF(J2<'Параметры ПФ'!$N$7+0.01,'Стандартные программы'!J2,ROUNDDOWN('Параметры ПФ'!$N$7/IF(H2=0,I2,IF(I2>H2,H2,I2)),0)*IF(H2=0,I2,IF(I2>H2,H2,I2))) -> 14705.28 | L2: =K2*G2 -> 514684.8 | M2: =IF(J2<'Параметры ПФ'!$N$7+0.01,E2*F2*G2,ROUNDDOWN('Параметры ПФ'!$N$7/IF(H2=0,I2,IF(I2>H2,H2,I2)),0)*G2) -> 7560 | N2: =IF(H2=0,I2*F2*E2,IF(I2>H2,H2*F2*E2,I2*F2*E2))-K2 -> 0
A3: МБУ ДО "Урадинская ДЮСШ им. Сураката Асиятилова" | B3: Вольная борьба | C3: Физкультурно-спортивная | D3: 36 | E3: 36 | F3: 6 | G3: 35 | H3: 75.65 | I3: =HLOOKUP($C3,'Параметры ПФ'!$F$3:$K$8,6,FALSE) -> 68.08 | J3: =IF(H3=0,I3*F3*E3,IF(I3>H3,H3*F3*E3,I3*F3*E3)) -> 14705.28 | K3: =IF(J3<'Параметры ПФ'!$N$7+0.01,'Стандартные программы'!J3,ROUNDDOWN('Параметры ПФ'!$N$7/IF(H3=0,I3,IF(I3>H3,H3,I3)),0)*IF(H3=0,I3,IF(I3>H3,H3,I3))) -> 14705.28 | L3: =K3*G3 -> 514684.8 | M3: =IF(J3<'Параметры ПФ'!$N$7+0.01,E3*F3*G3,ROUNDDOWN('Параметры ПФ'!$N$7/IF(H3=0,I3,IF(I3>H3,H3,I3)),0)*G3) -> 7560 | N3: =IF(H3=0,I3*F3*E3,IF(I3>H3,H3*F3*E3,I3*F3*E3))-K3 -> 0
A4: МБУ ДО "Хебдинская ДЮСШ" | B4: Вольная борьба | C4: Физкультурно-спортивная | D4: 36 | E4: 36 | F4: 6 | G4: 35 | H4: 75.65 | I4: =HLOOKUP($C4,'Параметры ПФ'!$F$3:$K$8,6,FALSE) -> 68.08 | J4: =IF(H4=0,I4*F4*E4,IF(I4>H4,H4*F4*E4,I4*F4*E4)) -> 14705.28 | K4: =IF(J4<'Параметры ПФ'!$N$7+0.01,'Стандартные программы'!J4,ROUNDDOWN('Параметры ПФ'!$N$7/IF(H4=0,I4,IF(I4>H4,H4,I4)),0)*IF(H4=0,I4,IF(I4>H4,H4,I4))) -> 14705.28 | L4: =K4*G4 -> 514684.8 | M4: =IF(J4<'Параметры ПФ'!$N$7+0.01,E4*F4*G4,ROUNDDOWN('Параметры ПФ'!$N$7/IF(H4=0,I4,IF(I4>H4,H4,I4)),0)*G4) -> 7560 | N4: =IF(H4=0,I4*F4*E4,IF(I4>H4,H4*F4*E4,I4*F4*E4))-K4 -> 0
A5: МБУ ДО "Хебдинская ДЮСШ" | B5: Вольная борьба | C5: Физкультурно-спортивная | D5: 36 | E5: 36 | F5: 6 | G5: 30 | H5: 75.65 | I5: =HLOOKUP($C5,'Параметры ПФ'!$F$3:$K$8,6,FALSE) -> 68.08 | J5: =IF(H5=0,I5*F5*E5,IF(I5>H5,H5*F5*E5,I5*F5*E5)) -> 14705.28 | K5: =IF(J5<'Параметры ПФ'!$N$7+0.01,'Стандартные программы'!J5,ROUNDDOWN('Параметры ПФ'!$N$7/IF(H5=0,I5,IF(I5>H5,H5,I5)),0)*IF(H5=0,I5,IF(I5>H5,H5,I5))) -> 14705.28 | L5: =K5*G5 -> 441158.4 | M5: =IF(J5<'Параметры ПФ'!$N$7+0.01,E5*F5*G5,ROUNDDOWN('Параметры ПФ'!$N$7/IF(H5=0,I5,IF(I5>H5,H5,I5)),0)*G5) -> 6480 | N5: =IF(H5=0,I5*F5*E5,IF(I5>H5,H5*F5*E5,I5*F5*E5))-K5 -> 0
A6: МБУ ДО "Телетлинская ДЮСШ" | B6: Вольная борьба | C6: Физкультурно-спортивная | D6: 36 | E6: 36 | F6: 6 | G6: 30 | H6: 75.65 | I6: =HLOOKUP($C6,'Параметры ПФ'!$F$3:$K$8,6,FALSE) -> 68.08 | J6: =IF(H6=0,I6*F6*E6,IF(I6>H6,H6*F6*E6,I6*F6*E6)) -> 14705.28 | K6: =IF(J6<'Параметры ПФ'!$N$7+0.01,'Стандартные программы'!J6,ROUNDDOWN('Параметры ПФ'!$N$7/IF(H6=0,I6,IF(I6>H6,H6,I6)),0)*IF(H6=0,I6,IF(I6>H6,H6,I6))) -> 14705.28 | L6: =K6*G6 -> 441158.4 | M6: =IF(J6<'Параметры ПФ'!$N$7+0.01,E6*F6*G6,ROUNDDOWN('Параметры ПФ'!$N$7/IF(H6=0,I6,IF(I6>H6,H6,I6)),0)*G6) -> 6480 | N6: =IF(H6=0,I6*F6*E6,IF(I6>H6,H6*F6*E6,I6*F6*E6))-K6 -> 0
A7: МБУ ДО "Телетлинская ДЮСШ" | B7: Вольная борьба | C7: Физкультурно-спортивная | D7: 36 | E7: 36 | F7: 6 | G7: 35 | H7: 75.65 | I7: =HLOOKUP($C7,'Параметры ПФ'!$F$3:$K$8,6,FALSE) -> 68.08 | J7: =IF(H7=0,I7*F7*E7,IF(I7>H7,H7*F7*E7,I7*F7*E7)) -> 14705.28 | K7: =IF(J7<'Параметры ПФ'!$N$7+0.01,'Стандартные программы'!J7,ROUNDDOWN('Параметры ПФ'!$N$7/IF(H7=0,I7,IF(I7>H7,H7,I7)),0)*IF(H7=0,I7,IF(I7>H7,H7,I7))) -> 14705.28 | L7: =K7*G7 -> 514684.8 | M7: =IF(J7<'Параметры ПФ'!$N$7+0.01,E7*F7*G7,ROUNDDOWN('Параметры ПФ'!$N$7/IF(H7=0,I7,IF(I7>H7,H7,I7)),0)*G7) -> 7560 | N7: =IF(H7=0,I7*F7*E7,IF(I7>H7,H7*F7*E7,I7*F7*E7))-K7 -> 0
A8: Организация 1 | C8: Социально-гуманитарная | N8: =IF(H8=0,I8*F8*E8,IF(I8>H8,H8*F8*E8,I8*F8*E8))-K8 -> 0
A9: Организация 2 | C9: Физкультурно-спортивная | N9: =IF(H9=0,I9*F9*E9,IF(I9>H9,H9*F9*E9,I9*F9*E9))-K9 -> 0
A10: Организация 2 | C10: Туристско-краеведческая | N10: =IF(H10=0,I10*F10*E10,IF(I10>H10,H10*F10*E10,I10*F10*E10))-K10 -> 0
A11: Организация 2 | C11: Физкультурно-спортивная | N11: =IF(H11=0,I11*F11*E11,IF(I11>H11,H11*F11*E11,I11*F11*E11))-K11 -> 0
A12: Организация 2 | C12: Физкультурно-спортивная | I12: =HLOOKUP($C12,'Параметры ПФ'!$F$3:$K$8,6,FALSE) -> 68.08 | J12: =IF(H12=0,I12*F12*E12,IF(I12>H12,H12*F12*E12,I12*F12*E12)) -> 0 | K12: =IF(J12<'Параметры ПФ'!$N$7+0.01,'Стандартные программы'!J12,ROUNDDOWN('Параметры ПФ'!$N$7/IF(H12=0,I12,IF(I12>H12,H12,I12)),0)*IF(H12=0,I12,IF(I12>H12,H12,I12))) -> 0 | L12: =K12*G12 -> 0 | M12: =IF(J12<'Параметры ПФ'!$N$7+0.01,E12*F12*G12,ROUNDDOWN('Параметры ПФ'!$N$7/IF(H12=0,I12,IF(I12>H12,H12,I12)),0)*G12) -> 0 | N12: =IF(H12=0,I12*F12*E12,IF(I12>H12,H12*F12*E12,I12*F12*E12))-K12 -> 0
A13: Организация 2 | C13: Физкультурно-спортивная | I13: =HLOOKUP($C13,'Параметры ПФ'!$F$3:$K$8,6,FALSE) -> 68.08 | J13: =IF(H13=0,I13*F13*E13,IF(I13>H13,H13*F13*E13,I13*F13*E13)) -> 0 | K13: =IF(J13<'Параметры ПФ'!$N$7+0.01,'Стандартные программы'!J13,ROUNDDOWN('Параметры ПФ'!$N$7/IF(H13=0,I13,IF(I13>H13,H13,I13)),0)*IF(H13=0,I13,IF(I13>H13,H13,I13))) -> 0 | L13: =K13*G13 -> 0 | M13: =IF(J13<'Параметры ПФ'!$N$7+0.01,E13*F13*G13,ROUNDDOWN('Параметры ПФ'!$N$7/IF(H13=0,I13,IF(I13>H13,H13,I13)),0)*G13) -> 0 | N13: =IF(H13=0,I13*F13*E13,IF(I13>H13,H13*F13*E13,I13*F13*E13))-K13 -> 0
A14: Организация 2 | C14: Физкультурно-спортивная | I14: =HLOOKUP($C14,'Параметры ПФ'!$F$3:$K$8,6,FALSE) -> 68.08 | J14: =IF(H14=0,I14*F14*E14,IF(I14>H14,H14*F14*E14,I14*F14*E14)) -> 0 | K14: =IF(J14<'Параметры ПФ'!$N$7+0.01,'Стандартные программы'!J14,ROUNDDOWN('Параметры ПФ'!$N$7/IF(H14=0,I14,IF(I14>H14,H14,I14)),0)*IF(H14=0,I14,IF(I14>H14,H14,I14))) -> 0 | L14: =K14*G14 -> 0 | M14: =IF(J14<'Параметры ПФ'!$N$7+0.01,E14*F14*G14,ROUNDDOWN('Параметры ПФ'!$N$7/IF(H14=0,I14,IF(I14>H14,H14,I14)),0)*G14) -> 0 | N14: =IF(H14=0,I14*F14*E14,IF(I14>H14,H14*F14*E14,I14*F14*E14))-K14 -> 0
A15: Организация 2 | C15: Физкультурно-спортивная | I15: =HLOOKUP($C15,'Параметры ПФ'!$F$3:$K$8,6,FALSE) -> 68.08 | J15: =IF(H15=0,I15*F15*E15,IF(I15>H15,H15*F15*E15,I15*F15*E15)) -> 0 | K15: =IF(J15<'Параметры ПФ'!$N$7+0.01,'Стандартные программы'!J15,ROUNDDOWN('Параметры ПФ'!$N$7/IF(H15=0,I15,IF(I15>H15,H15,I15)),0)*IF(H15=0,I15,IF(I15>H15,H15,I15))) -> 0 | L15: =K15*G15 -> 0 | M15: =IF(J15<'Параметры ПФ'!$N$7+0.01,E15*F15*G15,ROUNDDOWN('Параметры ПФ'!$N$7/IF(H15=0,I15,IF(I15>H15,H15,I15)),0)*G15) -> 0 | N15: =IF(H15=0,I15*F15*E15,IF(I15>H15,H15*F15*E15,I15*F15*E15))-K15 -> 0
A16: Организация 2 | C16: Физкультурно-спортивная | I16: =HLOOKUP($C16,'Параметры ПФ'!$F$3:$K$8,6,FALSE) -> 68.08 | J16: =IF(H16=0,I16*F16*E16,IF(I16>H16,H16*F16*E16,I16*F16*E16)) -> 0 | K16: =IF(J16<'Параметры ПФ'!$N$7+0.01,'Стандартные программы'!J16,ROUNDDOWN('Параметры ПФ'!$N$7/IF(H16=0,I16,IF(I16>H16,H16,I16)),0)*IF(H16=0,I16,IF(I16>H16,H16,I16))) -> 0 | L16: =K16*G16 -> 0 | M16: =IF(J16<'Параметры ПФ'!$N$7+0.01,E16*F16*G16,ROUNDDOWN('Параметры ПФ'!$N$7/IF(H16=0,I16,IF(I16>H16,H16,I16)),0)*G16) -> 0 | N16: =IF(H16=0,I16*F16*E16,IF(I16>H16,H16*F16*E16,I16*F16*E16))-K16 -> 0
A17: Организация 2 | C17: Физкультурно-спортивная | I17: =HLOOKUP($C17,'Параметры ПФ'!$F$3:$K$8,6,FALSE) -> 68.08 | J17: =IF(H17=0,I17*F17*E17,IF(I17>H17,H17*F17*E17,I17*F17*E17)) -> 0 | K17: =IF(J17<'Параметры ПФ'!$N$7+0.01,'Стандартные программы'!J17,ROUNDDOWN('Параметры ПФ'!$N$7/IF(H17=0,I17,IF(I17>H17,H17,I17)),0)*IF(H17=0,I17,IF(I17>H17,H17,I17))) -> 0 | L17: =K17*G17 -> 0 | M17: =IF(J17<'Параметры ПФ'!$N$7+0.01,E17*F17*G17,ROUNDDOWN('Параметры ПФ'!$N$7/IF(H17=0,I17,IF(I17>H17,H17,I17)),0)*G17) -> 0 | N17: =IF(H17=0,I17*F17*E17,IF(I17>H17,H17*F17*E17,I17*F17*E17))-K17 -> 0
A18: Организация 2 | C18: Физкультурно-спортивная | I18: =HLOOKUP($C18,'Параметры ПФ'!$F$3:$K$8,6,FALSE) -> 68.08 | J18: =IF(H18=0,I18*F18*E18,IF(I18>H18,H18*F18*E18,I18*F18*E18)) -> 0 | K18: =IF(J18<'Параметры ПФ'!$N$7+0.01,'Стандартные программы'!J18,ROUNDDOWN('Параметры ПФ'!$N$7/IF(H18=0,I18,IF(I18>H18,H18,I18)),0)*IF(H18=0,I18,IF(I18>H18,H18,I18))) -> 0 | L18: =K18*G18 -> 0 | M18: =IF(J18<'Параметры ПФ'!$N$7+0.01,E18*F18*G18,ROUNDDOWN('Параметры ПФ'!$N$7/IF(H18=0,I18,IF(I18>H18,H18,I18)),0)*G18) -> 0 | N18: =IF(H18=0,I18*F18*E18,IF(I18>H18,H18*F18*E18,I18*F18*E18))-K18 -> 0
A19: Организация 2 | C19: Физкультурно-спортивная | I19: =HLOOKUP($C19,'Параметры ПФ'!$F$3:$K$8,6,FALSE) -> 68.08 | J19: =IF(H19=0,I19*F19*E19,IF(I19>H19,H19*F19*E19,I19*F19*E19)) -> 0 | K19: =IF(J19<'Параметры ПФ'!$N$7+0.01,'Стандартные программы'!J19,ROUNDDOWN('Параметры ПФ'!$N$7/IF(H19=0,I19,IF(I19>H19,H19,I19)),0)*IF(H19=0,I19,IF(I19>H19,H19,I19))) -> 0 | L19: =K19*G19 -> 0 | M19: =IF(J19<'Параметры ПФ'!$N$7+0.01,E19*F19*G19,ROUNDDOWN('Параметры ПФ'!$N$7/IF(H19=0,I19,IF(I19>H19,H19,I19)),0)*G19) -> 0 | N19: =IF(H19=0,I19*F19*E19,IF(I19>H19,H19*F19*E19,I19*F19*E19))-K19 -> 0
A20: Организация 2 | C20: Физкультурно-спортивная | I20: =HLOOKUP($C20,'Параметры ПФ'!$F$3:$K$8,6,FALSE) -> 68.08 | J20: =IF(H20=0,I20*F20*E20,IF(I20>H20,H20*F20*E20,I20*F20*E20)) -> 0 | K20: =IF(J20<'Параметры ПФ'!$N$7+0.01,'Стандартные программы'!J20,ROUNDDOWN('Параметры ПФ'!$N$7/IF(H20=0,I20,IF(I20>H20,H20,I20)),0)*IF(H20=0,I20,IF(I20>H20,H20,I20))) -> 0 | L20: =K20*G20 -> 0 | M20: =IF(J20<'Параметры ПФ'!$N$7+0.01,E20*F20*G20,ROUNDDOWN('Параметры ПФ'!$N$7/IF(H20=0,I20,IF(I20>H20,H20,I20)),0)*G20) -> 0 | N20: =IF(H20=0,I20*F20*E20,IF(I20>H20,H20*F20*E20,I20*F20*E20))-K20 -> 0
A21: Организация 2 | C21: Физкультурно-спортивная | I21: =HLOOKUP($C21,'Параметры ПФ'!$F$3:$K$8,6,FALSE) -> 68.08 | J21: =IF(H21=0,I21*F21*E21,IF(I21>H21,H21*F21*E21,I21*F21*E21)) -> 0 | K21: =IF(J21<'Параметры ПФ'!$N$7+0.01,'Стандартные программы'!J21,ROUNDDOWN('Параметры ПФ'!$N$7/IF(H21=0,I21,IF(I21>H21,H21,I21)),0)*IF(H21=0,I21,IF(I21>H21,H21,I21))) -> 0 | L21: =K21*G21 -> 0 | M21: =IF(J21<'Параметры ПФ'!$N$7+0.01,E21*F21*G21,ROUNDDOWN('Параметры ПФ'!$N$7/IF(H21=0,I21,IF(I21>H21,H21,I21)),0)*G21) -> 0 | N21: =IF(H21=0,I21*F21*E21,IF(I21>H21,H21*F21*E21,I21*F21*E21))-K21 -> 0
A22: Организация 2 | C22: Физкультурно-спортивная | I22: =HLOOKUP($C22,'Параметры ПФ'!$F$3:$K$8,6,FALSE) -> 68.08 | J22: =IF(H22=0,I22*F22*E22,IF(I22>H22,H22*F22*E22,I22*F22*E22)) -> 0 | K22: =IF(J22<'Параметры ПФ'!$N$7+0.01,'Стандартные программы'!J22,ROUNDDOWN('Параметры ПФ'!$N$7/IF(H22=0,I22,IF(I22>H22,H22,I22)),0)*IF(H22=0,I22,IF(I22>H22,H22,I22))) -> 0 | L22: =K22*G22 -> 0 | M22: =IF(J22<'Параметры ПФ'!$N$7+0.01,E22*F22*G22,ROUNDDOWN('Параметры ПФ'!$N$7/IF(H22=0,I22,IF(I22>H22,H22,I22)),0)*G22) -> 0 | N22: =IF(H22=0,I22*F22*E22,IF(I22>H22,H22*F22*E22,I22*F22*E22))-K22 -> 0
A23: Организация 2 | C23: Физкультурно-спортивная | I23: =HLOOKUP($C23,'Параметры ПФ'!$F$3:$K$8,6,FALSE) -> 68.08 | J23: =IF(H23=0,I23*F23*E23,IF(I23>H23,H23*F23*E23,I23*F23*E23)) -> 0 | K23: =IF(J23<'Параметры ПФ'!$N$7+0.01,'Стандартные программы'!J23,ROUNDDOWN('Параметры ПФ'!$N$7/IF(H23=0,I23,IF(I23>H23,H23,I23)),0)*IF(H23=0,I23,IF(I23>H23,H23,I23))) -> 0 | L23: =K23*G23 -> 0 | M23: =IF(J23<'Параметры ПФ'!$N$7+0.01,E23*F23*G23,ROUNDDOWN('Параметры ПФ'!$N$7/IF(H23=0,I23,IF(I23>H23,H23,I23)),0)*G23) -> 0 | N23: =IF(H23=0,I23*F23*E23,IF(I23>H23,H23*F23*E23,I23*F23*E23))-K23 -> 0
... A35: Организация 2 | C35: Физкультурно-спортивная | I35: =HLOOKUP($C35,'Параметры ПФ'!$F$3:$K$8,6,FALSE) -> 68.08 | J35: =IF(H35=0,I35*F35*E35,IF(I35>H35,H35*F35*E35,I35*F35*E35)) -> 0 | K35: =IF(J35<'Параметры ПФ'!$N$7+0.01,'Стандартные программы'!J35,ROUNDDOWN('Параметры ПФ'!$N$7/IF(H35=0,I35,IF(I35>H35,H35,I35)),0)*IF(H35=0,I35,IF(I35>H35,H35,I35))) -> 0 | L35: =K35*G35 -> 0 | M35: =IF(J35<'Параметры ПФ'!$N$7+0.01,E35*F35*G35,ROUNDDOWN('Параметры ПФ'!$N$7/IF(H35=0,I35,IF(I35>H35,H35,I35)),0)*G35) -> 0 | N35: =IF(H35=0,I35*F35*E35,IF(I35>H35,H35*F35*E35,I35*F35*E35))-K35 -> 0
G36: =SUM(G2:G35) -> 200 | H36: х | I36: х | J36: х | K36: х | L36: =SUM(L2:L35) -> 2941056 | M36: =SUM(M2:M35) -> 43200 | N36: х

Sheet Дистанционные программы
A1: Учреждение | B1: Программа | C1: Направленность | D1: Количество учебных недель в году | E1: Количество учебных недель в периоде обучения | F1: Количество учебных часов в неделю | G1: Количество мест | H1: Предполагаемая цена за чел/час | I1: Норматив затрат по ПФ | J1: Стоимость 1 места в периоде обучения | K1: Оплата 1 места в периоде обучения сертификатом | L1: ДОХОД учреждения по ПФ ДОД | M1: Объем муниципального задания ПФ ДОД, человеко-часов | N1: Доплата со стороны родителей за 1 место в периоде обучения
A2: Организация 1 | B2: Рисуем мангу | C2: Художественная | I2: =HLOOKUP($C2,'Параметры ПФ'!$F$3:$K$8,6,FALSE)*'Параметры ПФ'!$G$21 -> 69.69 | J2: =IF(H2=0,I2*F2*E2,IF(I2>H2,H2*F2*E2,I2*F2*E2)) -> 0 | K2: =IF(J2<'Параметры ПФ'!$N$7+0.01,'Дистанционные программы'!J2,ROUNDDOWN('Параметры ПФ'!$N$7/IF(H2=0,I2,IF(I2>H2,H2,I2)),0)*IF(H2=0,I2,IF(I2>H2,H2,I2))) -> 0 | L2: =K2*G2 -> 0 | M2: =IF(J2<'Параметры ПФ'!$N$7+0.01,E2*F2*G2,ROUNDDOWN('Параметры ПФ'!$N$7/IF(H2=0,I2,IF(I2>H2,H2,I2)),0)*G2) -> 0 | N2: =IF(H2=0,I2*F2*E2,IF(I2>H2,H2*F2*E2,I2*F2*E2))-K2 -> 0
A3: Организация 1 | B3: Web-дизайн | C3: Художественная | I3: =HLOOKUP($C3,'Параметры ПФ'!$F$3:$K$8,6,FALSE)*'Параметры ПФ'!$G$21 -> 69.69 | J3: =IF(H3=0,I3*F3*E3,IF(I3>H3,H3*F3*E3,I3*F3*E3)) -> 0 | K3: =IF(J3<'Параметры ПФ'!$N$7+0.01,'Дистанционные программы'!J3,ROUNDDOWN('Параметры ПФ'!$N$7/IF(H3=0,I3,IF(I3>H3,H3,I3)),0)*IF(H3=0,I3,IF(I3>H3,H3,I3))) -> 0 | L3: =K3*G3 -> 0 | M3: =IF(J3<'Параметры ПФ'!$N$7+0.01,E3*F3*G3,ROUNDDOWN('Параметры ПФ'!$N$7/IF(H3=0,I3,IF(I3>H3,H3,I3)),0)*G3) -> 0 | N3: =IF(H3=0,I3*F3*E3,IF(I3>H3,H3*F3*E3,I3*F3*E3))-K3 -> 0
A4: Организация 2 | B4: Web-дизайн | C4: Художественная | I4: =HLOOKUP($C4,'Параметры ПФ'!$F$3:$K$8,6,FALSE)*'Параметры ПФ'!$G$21 -> 69.69 | J4: =IF(H4=0,I4*F4*E4,IF(I4>H4,H4*F4*E4,I4*F4*E4)) -> 0 | K4: =IF(J4<'Параметры ПФ'!$N$7+0.01,'Дистанционные программы'!J4,ROUNDDOWN('Параметры ПФ'!$N$7/IF(H4=0,I4,IF(I4>H4,H4,I4)),0)*IF(H4=0,I4,IF(I4>H4,H4,I4))) -> 0 | L4: =K4*G4 -> 0 | M4: =IF(J4<'Параметры ПФ'!$N$7+0.01,E4*F4*G4,ROUNDDOWN('Параметры ПФ'!$N$7/IF(H4=0,I4,IF(I4>H4,H4,I4)),0)*G4) -> 0 | N4: =IF(H4=0,I4*F4*E4,IF(I4>H4,H4*F4*E4,I4*F4*E4))-K4 -> 0
A5: Организация 1 | B5: Web-програмирование | C5: Техническая | I5: =HLOOKUP($C5,'Параметры ПФ'!$F$3:$K$8,6,FALSE)*'Параметры ПФ'!$G$21 -> 69.69 | J5: =IF(H5=0,I5*F5*E5,IF(I5>H5,H5*F5*E5,I5*F5*E5)) -> 0 | K5: =IF(J5<'Параметры ПФ'!$N$7+0.01,'Дистанционные программы'!J5,ROUNDDOWN('Параметры ПФ'!$N$7/IF(H5=0,I5,IF(I5>H5,H5,I5)),0)*IF(H5=0,I5,IF(I5>H5,H5,I5))) -> 0 | L5: =K5*G5 -> 0 | M5: =IF(J5<'Параметры ПФ'!$N$7+0.01,E5*F5*G5,ROUNDDOWN('Параметры ПФ'!$N$7/IF(H5=0,I5,IF(I5>H5,H5,I5)),0)*G5) -> 0 | N5: =IF(H5=0,I5*F5*E5,IF(I5>H5,H5*F5*E5,I5*F5*E5))-K5 -> 0
A6: Организация 2 | B6: Сетевая журналистика | C6: Социально-гуманитарная | I6: =HLOOKUP($C6,'Параметры ПФ'!$F$3:$K$8,6,FALSE)*'Параметры ПФ'!$G$21 -> 69.69 | J6: =IF(H6=0,I6*F6*E6,IF(I6>H6,H6*F6*E6,I6*F6*E6)) -> 0 | K6: =IF(J6<'Параметры ПФ'!$N$7+0.01,'Дистанционные программы'!J6,ROUNDDOWN('Параметры ПФ'!$N$7/IF(H6=0,I6,IF(I6>H6,H6,I6)),0)*IF(H6=0,I6,IF(I6>H6,H6,I6))) -> 0 | L6: =K6*G6 -> 0 | M6: =IF(J6<'Параметры ПФ'!$N$7+0.01,E6*F6*G6,ROUNDDOWN('Параметры ПФ'!$N$7/IF(H6=0,I6,IF(I6>H6,H6,I6)),0)*G6) -> 0 | N6: =IF(H6=0,I6*F6*E6,IF(I6>H6,H6*F6*E6,I6*F6*E6))-K6 -> 0
A7: Организация 2 | B7: Зарубежные новости (на английском) | C7: Социально-гуманитарная | I7: =HLOOKUP($C7,'Параметры ПФ'!$F$3:$K$8,6,FALSE)*'Параметры ПФ'!$G$21 -> 69.69 | J7: =IF(H7=0,I7*F7*E7,IF(I7>H7,H7*F7*E7,I7*F7*E7)) -> 0 | K7: =IF(J7<'Параметры ПФ'!$N$7+0.01,'Дистанционные программы'!J7,ROUNDDOWN('Параметры ПФ'!$N$7/IF(H7=0,I7,IF(I7>H7,H7,I7)),0)*IF(H7=0,I7,IF(I7>H7,H7,I7))) -> 0 | L7: =K7*G7 -> 0 | M7: =IF(J7<'Параметры ПФ'!$N$7+0.01,E7*F7*G7,ROUNDDOWN('Параметры ПФ'!$N$7/IF(H7=0,I7,IF(I7>H7,H7,I7)),0)*G7) -> 0 | N7: =IF(H7=0,I7*F7*E7,IF(I7>H7,H7*F7*E7,I7*F7*E7))-K7 -> 0
A8: Организация 3 | B8: Зарубежные новости (на английском) | C8: Социально-гуманитарная | I8: =HLOOKUP($C8,'Параметры ПФ'!$F$3:$K$8,6,FALSE)*'Параметры ПФ'!$G$21 -> 69.69 | J8: =IF(H8=0,I8*F8*E8,IF(I8>H8,H8*F8*E8,I8*F8*E8)) -> 0 | K8: =IF(J8<'Параметры ПФ'!$N$7+0.01,'Дистанционные программы'!J8,ROUNDDOWN('Параметры ПФ'!$N$7/IF(H8=0,I8,IF(I8>H8,H8,I8)),0)*IF(H8=0,I8,IF(I8>H8,H8,I8))) -> 0 | L8: =K8*G8 -> 0 | M8: =IF(J8<'Параметры ПФ'!$N$7+0.01,E8*F8*G8,ROUNDDOWN('Параметры ПФ'!$N$7/IF(H8=0,I8,IF(I8>H8,H8,I8)),0)*G8) -> 0 | N8: =IF(H8=0,I8*F8*E8,IF(I8>H8,H8*F8*E8,I8*F8*E8))-K8 -> 0
A9: Организация 2 | C9: Физкультурно-спортивная | I9: =HLOOKUP($C9,'Параметры ПФ'!$F$3:$K$8,6,FALSE)*'Параметры ПФ'!$G$21 -> 68.08 | J9: =IF(H9=0,I9*F9*E9,IF(I9>H9,H9*F9*E9,I9*F9*E9)) -> 0 | K9: =IF(J9<'Параметры ПФ'!$N$7+0.01,'Дистанционные программы'!J9,ROUNDDOWN('Параметры ПФ'!$N$7/IF(H9=0,I9,IF(I9>H9,H9,I9)),0)*IF(H9=0,I9,IF(I9>H9,H9,I9))) -> 0 | L9: =K9*G9 -> 0 | M9: =IF(J9<'Параметры ПФ'!$N$7+0.01,E9*F9*G9,ROUNDDOWN('Параметры ПФ'!$N$7/IF(H9=0,I9,IF(I9>H9,H9,I9)),0)*G9) -> 0 | N9: =IF(H9=0,I9*F9*E9,IF(I9>H9,H9*F9*E9,I9*F9*E9))-K9 -> 0
A10: Организация 2 | C10: Физкультурно-спортивная | I10: =HLOOKUP($C10,'Параметры ПФ'!$F$3:$K$8,6,FALSE)*'Параметры ПФ'!$G$21 -> 68.08 | J10: =IF(H10=0,I10*F10*E10,IF(I10>H10,H10*F10*E10,I10*F10*E10)) -> 0 | K10: =IF(J10<'Параметры ПФ'!$N$7+0.01,'Дистанционные программы'!J10,ROUNDDOWN('Параметры ПФ'!$N$7/IF(H10=0,I10,IF(I10>H10,H10,I10)),0)*IF(H10=0,I10,IF(I10>H10,H10,I10))) -> 0 | L10: =K10*G10 -> 0 | M10: =IF(J10<'Параметры ПФ'!$N$7+0.01,E10*F10*G10,ROUNDDOWN('Параметры ПФ'!$N$7/IF(H10=0,I10,IF(I10>H10,H10,I10)),0)*G10) -> 0 | N10: =IF(H10=0,I10*F10*E10,IF(I10>H10,H10*F10*E10,I10*F10*E10))-K10 -> 0
A11: Организация 2 | C11: Физкультурно-спортивная | I11: =HLOOKUP($C11,'Параметры ПФ'!$F$3:$K$8,6,FALSE)*'Параметры ПФ'!$G$21 -> 68.08 | J11: =IF(H11=0,I11*F11*E11,IF(I11>H11,H11*F11*E11,I11*F11*E11)) -> 0 | K11: =IF(J11<'Параметры ПФ'!$N$7+0.01,'Дистанционные программы'!J11,ROUNDDOWN('Параметры ПФ'!$N$7/IF(H11=0,I11,IF(I11>H11,H11,I11)),0)*IF(H11=0,I11,IF(I11>H11,H11,I11))) -> 0 | L11: =K11*G11 -> 0 | M11: =IF(J11<'Параметры ПФ'!$N$7+0.01,E11*F11*G11,ROUNDDOWN('Параметры ПФ'!$N$7/IF(H11=0,I11,IF(I11>H11,H11,I11)),0)*G11) -> 0 | N11: =IF(H11=0,I11*F11*E11,IF(I11>H11,H11*F11*E11,I11*F11*E11))-K11 -> 0
A12: Организация 2 | C12: Физкультурно-спортивная | I12: =HLOOKUP($C12,'Параметры ПФ'!$F$3:$K$8,6,FALSE)*'Параметры ПФ'!$G$21 -> 68.08 | J12: =IF(H12=0,I12*F12*E12,IF(I12>H12,H12*F12*E12,I12*F12*E12)) -> 0 | K12: =IF(J12<'Параметры ПФ'!$N$7+0.01,'Дистанционные программы'!J12,ROUNDDOWN('Параметры ПФ'!$N$7/IF(H12=0,I12,IF(I12>H12,H12,I12)),0)*IF(H12=0,I12,IF(I12>H12,H12,I12))) -> 0 | L12: =K12*G12 -> 0 | M12: =IF(J12<'Параметры ПФ'!$N$7+0.01,E12*F12*G12,ROUNDDOWN('Параметры ПФ'!$N$7/IF(H12=0,I12,IF(I12>H12,H12,I12)),0)*G12) -> 0 | N12: =IF(H12=0,I12*F12*E12,IF(I12>H12,H12*F12*E12,I12*F12*E12))-K12 -> 0
A13: Организация 2 | C13: Физкультурно-спортивная | I13: =HLOOKUP($C13,'Параметры ПФ'!$F$3:$K$8,6,FALSE)*'Параметры ПФ'!$G$21 -> 68.08 | J13: =IF(H13=0,I13*F13*E13,IF(I13>H13,H13*F13*E13,I13*F13*E13)) -> 0 | K13: =IF(J13<'Параметры ПФ'!$N$7+0.01,'Дистанционные программы'!J13,ROUNDDOWN('Параметры ПФ'!$N$7/IF(H13=0,I13,IF(I13>H13,H13,I13)),0)*IF(H13=0,I13,IF(I13>H13,H13,I13))) -> 0 | L13: =K13*G13 -> 0 | M13: =IF(J13<'Параметры ПФ'!$N$7+0.01,E13*F13*G13,ROUNDDOWN('Параметры ПФ'!$N$7/IF(H13=0,I13,IF(I13>H13,H13,I13)),0)*G13) -> 0 | N13: =IF(H13=0,I13*F13*E13,IF(I13>H13,H13*F13*E13,I13*F13*E13))-K13 -> 0
A14: Организация 2 | C14: Физкультурно-спортивная | I14: =HLOOKUP($C14,'Параметры ПФ'!$F$3:$K$8,6,FALSE)*'Параметры ПФ'!$G$21 -> 68.08 | J14: =IF(H14=0,I14*F14*E14,IF(I14>H14,H14*F14*E14,I14*F14*E14)) -> 0 | K14: =IF(J14<'Параметры ПФ'!$N$7+0.01,'Дистанционные программы'!J14,ROUNDDOWN('Параметры ПФ'!$N$7/IF(H14=0,I14,IF(I14>H14,H14,I14)),0)*IF(H14=0,I14,IF(I14>H14,H14,I14))) -> 0 | L14: =K14*G14 -> 0 | M14: =IF(J14<'Параметры ПФ'!$N$7+0.01,E14*F14*G14,ROUNDDOWN('Параметры ПФ'!$N$7/IF(H14=0,I14,IF(I14>H14,H14,I14)),0)*G14) -> 0 | N14: =IF(H14=0,I14*F14*E14,IF(I14>H14,H14*F14*E14,I14*F14*E14))-K14 -> 0
A15: Организация 2 | C15: Физкультурно-спортивная | I15: =HLOOKUP($C15,'Параметры ПФ'!$F$3:$K$8,6,FALSE)*'Параметры ПФ'!$G$21 -> 68.08 | J15: =IF(H15=0,I15*F15*E15,IF(I15>H15,H15*F15*E15,I15*F15*E15)) -> 0 | K15: =IF(J15<'Параметры ПФ'!$N$7+0.01,'Дистанционные программы'!J15,ROUNDDOWN('Параметры ПФ'!$N$7/IF(H15=0,I15,IF(I15>H15,H15,I15)),0)*IF(H15=0,I15,IF(I15>H15,H15,I15))) -> 0 | L15: =K15*G15 -> 0 | M15: =IF(J15<'Параметры ПФ'!$N$7+0.01,E15*F15*G15,ROUNDDOWN('Параметры ПФ'!$N$7/IF(H15=0,I15,IF(I15>H15,H15,I15)),0)*G15) -> 0 | N15: =IF(H15=0,I15*F15*E15,IF(I15>H15,H15*F15*E15,I15*F15*E15))-K15 -> 0
A16: Организация 2 | C16: Физкультурно-спортивная | I16: =HLOOKUP($C16,'Параметры ПФ'!$F$3:$K$8,6,FALSE)*'Параметры ПФ'!$G$21 -> 68.08 | J16: =IF(H16=0,I16*F16*E16,IF(I16>H16,H16*F16*E16,I16*F16*E16)) -> 0 | K16: =IF(J16<'Параметры ПФ'!$N$7+0.01,'Дистанционные программы'!J16,ROUNDDOWN('Параметры ПФ'!$N$7/IF(H16=0,I16,IF(I16>H16,H16,I16)),0)*IF(H16=0,I16,IF(I16>H16,H16,I16))) -> 0 | L16: =K16*G16 -> 0 | M16: =IF(J16<'Параметры ПФ'!$N$7+0.01,E16*F16*G16,ROUNDDOWN('Параметры ПФ'!$N$7/IF(H16=0,I16,IF(I16>H16,H16,I16)),0)*G16) -> 0 | N16: =IF(H16=0,I16*F16*E16,IF(I16>H16,H16*F16*E16,I16*F16*E16))-K16 -> 0
A17: Организация 2 | C17: Физкультурно-спортивная | I17: =HLOOKUP($C17,'Параметры ПФ'!$F$3:$K$8,6,FALSE)*'Параметры ПФ'!$G$21 -> 68.08 | J17: =IF(H17=0,I17*F17*E17,IF(I17>H17,H17*F17*E17,I17*F17*E17)) -> 0 | K17: =IF(J17<'Параметры ПФ'!$N$7+0.01,'Дистанционные программы'!J17,ROUNDDOWN('Параметры ПФ'!$N$7/IF(H17=0,I17,IF(I17>H17,H17,I17)),0)*IF(H17=0,I17,IF(I17>H17,H17,I17))) -> 0 | L17: =K17*G17 -> 0 | M17: =IF(J17<'Параметры ПФ'!$N$7+0.01,E17*F17*G17,ROUNDDOWN('Параметры ПФ'!$N$7/IF(H17=0,I17,IF(I17>H17,H17,I17)),0)*G17) -> 0 | N17: =IF(H17=0,I17*F17*E17,IF(I17>H17,H17*F17*E17,I17*F17*E17))-K17 -> 0
A18: Организация 2 | C18: Физкультурно-спортивная | I18: =HLOOKUP($C18,'Параметры ПФ'!$F$3:$K$8,6,FALSE)*'Параметры ПФ'!$G$21 -> 68.08 | J18: =IF(H18=0,I18*F18*E18,IF(I18>H18,H18*F18*E18,I18*F18*E18)) -> 0 | K18: =IF(J18<'Параметры ПФ'!$N$7+0.01,'Дистанционные программы'!J18,ROUNDDOWN('Параметры ПФ'!$N$7/IF(H18=0,I18,IF(I18>H18,H18,I18)),0)*IF(H18=0,I18,IF(I18>H18,H18,I18))) -> 0 | L18: =K18*G18 -> 0 | M18: =IF(J18<'Параметры ПФ'!$N$7+0.01,E18*F18*G18,ROUNDDOWN('Параметры ПФ'!$N$7/IF(H18=0,I18,IF(I18>H18,H18,I18)),0)*G18) -> 0 | N18: =IF(H18=0,I18*F18*E18,IF(I18>H18,H18*F18*E18,I18*F18*E18))-K18 -> 0
A19: Организация 2 | C19: Физкультурно-спортивная | I19: =HLOOKUP($C19,'Параметры ПФ'!$F$3:$K$8,6,FALSE)*'Параметры ПФ'!$G$21 -> 68.08 | J19: =IF(H19=0,I19*F19*E19,IF(I19>H19,H19*F19*E19,I19*F19*E19)) -> 0 | K19: =IF(J19<'Параметры ПФ'!$N$7+0.01,'Дистанционные программы'!J19,ROUNDDOWN('Параметры ПФ'!$N$7/IF(H19=0,I19,IF(I19>H19,H19,I19)),0)*IF(H19=0,I19,IF(I19>H19,H19,I19))) -> 0 | L19: =K19*G19 -> 0 | M19: =IF(J19<'Параметры ПФ'!$N$7+0.01,E19*F19*G19,ROUNDDOWN('Параметры ПФ'!$N$7/IF(H19=0,I19,IF(I19>H19,H19,I19)),0)*G19) -> 0 | N19: =IF(H19=0,I19*F19*E19,IF(I19>H19,H19*F19*E19,I19*F19*E19))-K19 -> 0
A20: Организация 2 | C20: Физкультурно-спортивная | I20: =HLOOKUP($C20,'Параметры ПФ'!$F$3:$K$8,6,FALSE)*'Параметры ПФ'!$G$21 -> 68.08 | J20: =IF(H20=0,I20*F20*E20,IF(I20>H20,H20*F20*E20,I20*F20*E20)) -> 0 | K20: =IF(J20<'Параметры ПФ'!$N$7+0.01,'Дистанционные программы'!J20,ROUNDDOWN('Параметры ПФ'!$N$7/IF(H20=0,I20,IF(I20>H20,H20,I20)),0)*IF(H20=0,I20,IF(I20>H20,H20,I20))) -> 0 | L20: =K20*G20 -> 0 | M20: =IF(J20<'Параметры ПФ'!$N$7+0.01,E20*F20*G20,ROUNDDOWN('Параметры ПФ'!$N$7/IF(H20=0,I20,IF(I20>H20,H20,I20)),0)*G20) -> 0 | N20: =IF(H20=0,I20*F20*E20,IF(I20>H20,H20*F20*E20,I20*F20*E20))-K20 -> 0
... A38: Организация 2 | C38: Физкультурно-спортивная | I38: =HLOOKUP($C38,'Параметры ПФ'!$F$3:$K$8,6,FALSE)*'Параметры ПФ'!$G$21 -> 68.08 | J38: =IF(H38=0,I38*F38*E38,IF(I38>H38,H38*F38*E38,I38*F38*E38)) -> 0 | K38: =IF(J38<'Параметры ПФ'!$N$7+0.01,'Дистанционные программы'!J38,ROUNDDOWN('Параметры ПФ'!$N$7/IF(H38=0,I38,IF(I38>H38,H38,I38)),0)*IF(H38=0,I38,IF(I38>H38,H38,I38))) -> 0 | L38: =K38*G38 -> 0 | M38: =IF(J38<'Параметры ПФ'!$N$7+0.01,E38*F38*G38,ROUNDDOWN('Параметры ПФ'!$N$7/IF(H38=0,I38,IF(I38>H38,H38,I38)),0)*G38) -> 0 | N38: =IF(H38=0,I38*F38*E38,IF(I38>H38,H38*F38*E38,I38*F38*E38))-K38 -> 0
G39: =SUM(G2:G38) -> 0 | H39: х | I39: х | J39: х | K39: х | L39: =SUM(L2:L38) -> 0 | M39: =SUM(M2:M38) -> 0 | N39: х

Sheet Очно-заочные программы
A1: Учреждение | B1: Программа | C1: Направленность | D1: Количество учебных недель в году | E1: Количество учебных недель в периоде обучения | F1: Количество учебных часов в неделю | G1: Количество мест | H1: Предполагаемая цена за чел/час | I1: Норматив затрат по ПФ | J1: Стоимость 1 места в периоде обучения | K1: Оплата 1 места в периоде обучения сертификатом | L1: ДОХОД учреждения по ПФ ДОД | M1: Объем муниципального задания ПФ ДОД, человеко-часов | N1: Доплата со стороны родителей за 1 место в периоде обучения
A2: Организация 1 | C2: Художественная | I2: =HLOOKUP($C2,'Параметры ПФ'!$F$3:$K$8,6,FALSE)*'Параметры ПФ'!$G$22 -> 69.69 | J2: =IF(H2=0,I2*F2*E2,IF(I2>H2,H2*F2*E2,I2*F2*E2)) -> 0 | K2: =IF(J2<'Параметры ПФ'!$N$7+0.01,'Очно-заочные программы'!J2,ROUNDDOWN('Параметры ПФ'!$N$7/IF(H2=0,I2,IF(I2>H2,H2,I2)),0)*IF(H2=0,I2,IF(I2>H2,H2,I2))) -> 0 | L2: =K2*G2 -> 0 | M2: =IF(J2<'Параметры ПФ'!$N$7+0.01,E2*F2*G2,ROUNDDOWN('Параметры ПФ'!$N$7/IF(H2=0,I2,IF(I2>H2,H2,I2)),0)*G2) -> 0 | N2: =IF(H2=0,I2*F2*E2,IF(I2>H2,H2*F2*E2,I2*F2*E2))-K2 -> 0
A3: Организация 1 | C3: Художественная | I3: =HLOOKUP($C3,'Параметры ПФ'!$F$3:$K$8,6,FALSE)*'Параметры ПФ'!$G$22 -> 69.69 | J3: =IF(H3=0,I3*F3*E3,IF(I3>H3,H3*F3*E3,I3*F3*E3)) -> 0 | K3: =IF(J3<'Параметры ПФ'!$N$7+0.01,'Очно-заочные программы'!J3,ROUNDDOWN('Параметры ПФ'!$N$7/IF(H3=0,I3,IF(I3>H3,H3,I3)),0)*IF(H3=0,I3,IF(I3>H3,H3,I3))) -> 0 | L3: =K3*G3 -> 0 | M3: =IF(J3<'Параметры ПФ'!$N$7+0.01,E3*F3*G3,ROUNDDOWN('Параметры ПФ'!$N$7/IF(H3=0,I3,IF(I3>H3,H3,I3)),0)*G3) -> 0 | N3: =IF(H3=0,I3*F3*E3,IF(I3>H3,H3*F3*E3,I3*F3*E3))-K3 -> 0
A4: Организация 2 | C4: Художественная | I4: =HLOOKUP($C4,'Параметры ПФ'!$F$3:$K$8,6,FALSE)*'Параметры ПФ'!$G$22 -> 69.69 | J4: =IF(H4=0,I4*F4*E4,IF(I4>H4,H4*F4*E4,I4*F4*E4)) -> 0 | K4: =IF(J4<'Параметры ПФ'!$N$7+0.01,'Очно-заочные программы'!J4,ROUNDDOWN('Параметры ПФ'!$N$7/IF(H4=0,I4,IF(I4>H4,H4,I4)),0)*IF(H4=0,I4,IF(I4>H4,H4,I4))) -> 0 | L4: =K4*G4 -> 0 | M4: =IF(J4<'Параметры ПФ'!$N$7+0.01,E4*F4*G4,ROUNDDOWN('Параметры ПФ'!$N$7/IF(H4=0,I4,IF(I4>H4,H4,I4)),0)*G4) -> 0 | N4: =IF(H4=0,I4*F4*E4,IF(I4>H4,H4*F4*E4,I4*F4*E4))-K4 -> 0
A5: Организация 1 | C5: Художественная | I5: =HLOOKUP($C5,'Параметры ПФ'!$F$3:$K$8,6,FALSE)*'Параметры ПФ'!$G$22 -> 69.69 | J5: =IF(H5=0,I5*F5*E5,IF(I5>H5,H5*F5*E5,I5*F5*E5)) -> 0 | K5: =IF(J5<'Параметры ПФ'!$N$7+0.01,'Очно-заочные программы'!J5,ROUNDDOWN('Параметры ПФ'!$N$7/IF(H5=0,I5,IF(I5>H5,H5,I5)),0)*IF(H5=0,I5,IF(I5>H5,H5,I5))) -> 0 | L5: =K5*G5 -> 0 | M5: =IF(J5<'Параметры ПФ'!$N$7+0.01,E5*F5*G5,ROUNDDOWN('Параметры ПФ'!$N$7/IF(H5=0,I5,IF(I5>H5,H5,I5)),0)*G5) -> 0 | N5: =IF(H5=0,I5*F5*E5,IF(I5>H5,H5*F5*E5,I5*F5*E5))-K5 -> 0
A6: Организация 2 | C6: Физкультурно-спортивная | I6: =HLOOKUP($C6,'Параметры ПФ'!$F$3:$K$8,6,FALSE)*'Параметры ПФ'!$G$22 -> 68.08 | J6: =IF(H6=0,I6*F6*E6,IF(I6>H6,H6*F6*E6,I6*F6*E6)) -> 0 | K6: =IF(J6<'Параметры ПФ'!$N$7+0.01,'Очно-заочные программы'!J6,ROUNDDOWN('Параметры ПФ'!$N$7/IF(H6=0,I6,IF(I6>H6,H6,I6)),0)*IF(H6=0,I6,IF(I6>H6,H6,I6))) -> 0 | L6: =K6*G6 -> 0 | M6: =IF(J6<'Параметры ПФ'!$N$7+0.01,E6*F6*G6,ROUNDDOWN('Параметры ПФ'!$N$7/IF(H6=0,I6,IF(I6>H6,H6,I6)),0)*G6) -> 0 | N6: =IF(H6=0,I6*F6*E6,IF(I6>H6,H6*F6*E6,I6*F6*E6))-K6 -> 0
A7: Организация 2 | C7: Физкультурно-спортивная | I7: =HLOOKUP($C7,'Параметры ПФ'!$F$3:$K$8,6,FALSE)*'Параметры ПФ'!$G$22 -> 68.08 | J7: =IF(H7=0,I7*F7*E7,IF(I7>H7,H7*F7*E7,I7*F7*E7)) -> 0 | K7: =IF(J7<'Параметры ПФ'!$N$7+0.01,'Очно-заочные программы'!J7,ROUNDDOWN('Параметры ПФ'!$N$7/IF(H7=0,I7,IF(I7>H7,H7,I7)),0)*IF(H7=0,I7,IF(I7>H7,H7,I7))) -> 0 | L7: =K7*G7 -> 0 | M7: =IF(J7<'Параметры ПФ'!$N$7+0.01,E7*F7*G7,ROUNDDOWN('Параметры ПФ'!$N$7/IF(H7=0,I7,IF(I7>H7,H7,I7)),0)*G7) -> 0 | N7: =IF(H7=0,I7*F7*E7,IF(I7>H7,H7*F7*E7,I7*F7*E7))-K7 -> 0
A8: Организация 3 | C8: Физкультурно-спортивная | I8: =HLOOKUP($C8,'Параметры ПФ'!$F$3:$K$8,6,FALSE)*'Параметры ПФ'!$G$22 -> 68.08 | J8: =IF(H8=0,I8*F8*E8,IF(I8>H8,H8*F8*E8,I8*F8*E8)) -> 0 | K8: =IF(J8<'Параметры ПФ'!$N$7+0.01,'Очно-заочные программы'!J8,ROUNDDOWN('Параметры ПФ'!$N$7/IF(H8=0,I8,IF(I8>H8,H8,I8)),0)*IF(H8=0,I8,IF(I8>H8,H8,I8))) -> 0 | L8: =K8*G8 -> 0 | M8: =IF(J8<'Параметры ПФ'!$N$7+0.01,E8*F8*G8,ROUNDDOWN('Параметры ПФ'!$N$7/IF(H8=0,I8,IF(I8>H8,H8,I8)),0)*G8) -> 0 | N8: =IF(H8=0,I8*F8*E8,IF(I8>H8,H8*F8*E8,I8*F8*E8))-K8 -> 0
A9: Организация 2 | C9: Физкультурно-спортивная | I9: =HLOOKUP($C9,'Параметры ПФ'!$F$3:$K$8,6,FALSE)*'Параметры ПФ'!$G$22 -> 68.08 | J9: =IF(H9=0,I9*F9*E9,IF(I9>H9,H9*F9*E9,I9*F9*E9)) -> 0 | K9: =IF(J9<'Параметры ПФ'!$N$7+0.01,'Очно-заочные программы'!J9,ROUNDDOWN('Параметры ПФ'!$N$7/IF(H9=0,I9,IF(I9>H9,H9,I9)),0)*IF(H9=0,I9,IF(I9>H9,H9,I9))) -> 0 | L9: =K9*G9 -> 0 | M9: =IF(J9<'Параметры ПФ'!$N$7+0.01,E9*F9*G9,ROUNDDOWN('Параметры ПФ'!$N$7/IF(H9=0,I9,IF(I9>H9,H9,I9)),0)*G9) -> 0 | N9: =IF(H9=0,I9*F9*E9,IF(I9>H9,H9*F9*E9,I9*F9*E9))-K9 -> 0
A10: Организация 2 | C10: Физкультурно-спортивная | I10: =HLOOKUP($C10,'Параметры ПФ'!$F$3:$K$8,6,FALSE)*'Параметры ПФ'!$G$22 -> 68.08 | J10: =IF(H10=0,I10*F10*E10,IF(I10>H10,H10*F10*E10,I10*F10*E10)) -> 0 | K10: =IF(J10<'Параметры ПФ'!$N$7+0.01,'Очно-заочные программы'!J10,ROUNDDOWN('Параметры ПФ'!$N$7/IF(H10=0,I10,IF(I10>H10,H10,I10)),0)*IF(H10=0,I10,IF(I10>H10,H10,I10))) -> 0 | L10: =K10*G10 -> 0 | M10: =IF(J10<'Параметры ПФ'!$N$7+0.01,E10*F10*G10,ROUNDDOWN('Параметры ПФ'!$N$7/IF(H10=0,I10,IF(I10>H10,H10,I10)),0)*G10) -> 0 | N10: =IF(H10=0,I10*F10*E10,IF(I10>H10,H10*F10*E10,I10*F10*E10))-K10 -> 0
A11: Организация 2 | C11: Физкультурно-спортивная | I11: =HLOOKUP($C11,'Параметры ПФ'!$F$3:$K$8,6,FALSE)*'Параметры ПФ'!$G$22 -> 68.08 | J11: =IF(H11=0,I11*F11*E11,IF(I11>H11,H11*F11*E11,I11*F11*E11)) -> 0 | K11: =IF(J11<'Параметры ПФ'!$N$7+0.01,'Очно-заочные программы'!J11,ROUNDDOWN('Параметры ПФ'!$N$7/IF(H11=0,I11,IF(I11>H11,H11,I11)),0)*IF(H11=0,I11,IF(I11>H11,H11,I11))) -> 0 | L11: =K11*G11 -> 0 | M11: =IF(J11<'Параметры ПФ'!$N$7+0.01,E11*F11*G11,ROUNDDOWN('Параметры ПФ'!$N$7/IF(H11=0,I11,IF(I11>H11,H11,I11)),0)*G11) -> 0 | N11: =IF(H11=0,I11*F11*E11,IF(I11>H11,H11*F11*E11,I11*F11*E11))-K11 -> 0
A12: Организация 2 | C12: Физкультурно-спортивная | I12: =HLOOKUP($C12,'Параметры ПФ'!$F$3:$K$8,6,FALSE)*'Параметры ПФ'!$G$22 -> 68.08 | J12: =IF(H12=0,I12*F12*E12,IF(I12>H12,H12*F12*E12,I12*F12*E12)) -> 0 | K12: =IF(J12<'Параметры ПФ'!$N$7+0.01,'Очно-заочные программы'!J12,ROUNDDOWN('Параметры ПФ'!$N$7/IF(H12=0,I12,IF(I12>H12,H12,I12)),0)*IF(H12=0,I12,IF(I12>H12,H12,I12))) -> 0 | L12: =K12*G12 -> 0 | M12: =IF(J12<'Параметры ПФ'!$N$7+0.01,E12*F12*G12,ROUNDDOWN('Параметры ПФ'!$N$7/IF(H12=0,I12,IF(I12>H12,H12,I12)),0)*G12) -> 0 | N12: =IF(H12=0,I12*F12*E12,IF(I12>H12,H12*F12*E12,I12*F12*E12))-K12 -> 0
A13: Организация 2 | C13: Физкультурно-спортивная | I13: =HLOOKUP($C13,'Параметры ПФ'!$F$3:$K$8,6,FALSE)*'Параметры ПФ'!$G$22 -> 68.08 | J13: =IF(H13=0,I13*F13*E13,IF(I13>H13,H13*F13*E13,I13*F13*E13)) -> 0 | K13: =IF(J13<'Параметры ПФ'!$N$7+0.01,'Очно-заочные программы'!J13,ROUNDDOWN('Параметры ПФ'!$N$7/IF(H13=0,I13,IF(I13>H13,H13,I13)),0)*IF(H13=0,I13,IF(I13>H13,H13,I13))) -> 0 | L13: =K13*G13 -> 0 | M13: =IF(J13<'Параметры ПФ'!$N$7+0.01,E13*F13*G13,ROUNDDOWN('Параметры ПФ'!$N$7/IF(H13=0,I13,IF(I13>H13,H13,I13)),0)*G13) -> 0 | N13: =IF(H13=0,I13*F13*E13,IF(I13>H13,H13*F13*E13,I13*F13*E13))-K13 -> 0
... A38: Организация 2 | C38: Физкультурно-спортивная | I38: =HLOOKUP($C38,'Параметры ПФ'!$F$3:$K$8,6,FALSE)*'Параметры ПФ'!$G$22 -> 68.08 | J38: =IF(H38=0,I38*F38*E38,IF(I38>H38,H38*F38*E38,I38*F38*E38)) -> 0 | K38: =IF(J38<'Параметры ПФ'!$N$7+0.01,'Очно-заочные программы'!J38,ROUNDDOWN('Параметры ПФ'!$N$7/IF(H38=0,I38,IF(I38>H38,H38,I38)),0)*IF(H38=0,I38,IF(I38>H38,H38,I38))) -> 0 | L38: =K38*G38 -> 0 | M38: =IF(J38<'Параметры ПФ'!$N$7+0.01,E38*F38*G38,ROUNDDOWN('Параметры ПФ'!$N$7/IF(H38=0,I38,IF(I38>H38,H38,I38)),0)*G38) -> 0 | N38: =IF(H38=0,I38*F38*E38,IF(I38>H38,H38*F38*E38,I38*F38*E38))-K38 -> 0
G39: =SUM(G2:G38) -> 0 | H39: х | I39: х | J39: х | K39: х | L39: =SUM(L2:L38) -> 0 | M39: =SUM(M2:M38) -> 0 | N39: х

Sheet Адаптированные программы
A1: Учреждение | B1: Программа | C1: Направленность | D1: Количество учебных недель в году | E1: Количество учебных недель в периоде обучения | F1: Количество учебных часов в неделю | G1: Количество мест | H1: Предполагаемая цена за чел/час | I1: Норматив затрат по ПФ | J1: Стоимость 1 места в периоде обучения | K1: Оплата 1 места в периоде обучения сертификатом | L1: ДОХОД учреждения по ПФ ДОД | M1: Объем муниципального задания ПФ ДОД, человеко-часов | N1: Доплата со стороны родителей за 1 место в периоде обучения
A2: Организация 1 | C2: Художественная | I2: =HLOOKUP($C2,'Параметры ПФ'!$F$3:$K$8,6,FALSE)*'Параметры ПФ'!$G$19 -> 69.69 | J2: =IF(H2=0,I2*F2*E2,IF(I2>H2,H2*F2*E2,I2*F2*E2)) -> 0 | K2: =IF(J2<'Параметры ПФ'!$N$12+0.01,'Адаптированные программы'!J2,ROUNDDOWN('Параметры ПФ'!$N$12/IF(H2=0,I2,IF(I2>H2,H2,I2)),0)*IF(H2=0,I2,IF(I2>H2,H2,I2))) -> 0 | L2: =K2*G2 -> 0 | M2: =IF(J2<'Параметры ПФ'!$N$12+0.01,E2*F2*G2,ROUNDDOWN('Параметры ПФ'!$N$12/IF(H2=0,I2,IF(I2>H2,H2,I2)),0)*G2) -> 0 | N2: =IF(H2=0,I2*F2*E2,IF(I2>H2,H2*F2*E2,I2*F2*E2))-K2 -> 0
A3: Организация 1 | C3: Художественная | I3: =HLOOKUP($C3,'Параметры ПФ'!$F$3:$K$8,6,FALSE)*'Параметры ПФ'!$G$19 -> 69.69 | J3: =IF(H3=0,I3*F3*E3,IF(I3>H3,H3*F3*E3,I3*F3*E3)) -> 0 | K3: =IF(J3<'Параметры ПФ'!$N$12+0.01,'Адаптированные программы'!J3,ROUNDDOWN('Параметры ПФ'!$N$12/IF(H3=0,I3,IF(I3>H3,H3,I3)),0)*IF(H3=0,I3,IF(I3>H3,H3,I3))) -> 0 | L3: =K3*G3 -> 0 | M3: =IF(J3<'Параметры ПФ'!$N$12+0.01,E3*F3*G3,ROUNDDOWN('Параметры ПФ'!$N$12/IF(H3=0,I3,IF(I3>H3,H3,I3)),0)*G3) -> 0 | N3: =IF(H3=0,I3*F3*E3,IF(I3>H3,H3*F3*E3,I3*F3*E3))-K3 -> 0
A4: Организация 2 | C4: Художественная | I4: =HLOOKUP($C4,'Параметры ПФ'!$F$3:$K$8,6,FALSE)*'Параметры ПФ'!$G$19 -> 69.69 | J4: =IF(H4=0,I4*F4*E4,IF(I4>H4,H4*F4*E4,I4*F4*E4)) -> 0 | K4: =IF(J4<'Параметры ПФ'!$N$12+0.01,'Адаптированные программы'!J4,ROUNDDOWN('Параметры ПФ'!$N$12/IF(H4=0,I4,IF(I4>H4,H4,I4)),0)*IF(H4=0,I4,IF(I4>H4,H4,I4))) -> 0 | L4: =K4*G4 -> 0 | M4: =IF(J4<'Параметры ПФ'!$N$12+0.01,E4*F4*G4,ROUNDDOWN('Параметры ПФ'!$N$12/IF(H4=0,I4,IF(I4>H4,H4,I4)),0)*G4) -> 0 | N4: =IF(H4=0,I4*F4*E4,IF(I4>H4,H4*F4*E4,I4*F4*E4))-K4 -> 0
A5: Организация 1 | C5: Художественная | I5: =HLOOKUP($C5,'Параметры ПФ'!$F$3:$K$8,6,FALSE)*'Параметры ПФ'!$G$19 -> 69.69 | J5: =IF(H5=0,I5*F5*E5,IF(I5>H5,H5*F5*E5,I5*F5*E5)) -> 0 | K5: =IF(J5<'Параметры ПФ'!$N$12+0.01,'Адаптированные программы'!J5,ROUNDDOWN('Параметры ПФ'!$N$12/IF(H5=0,I5,IF(I5>H5,H5,I5)),0)*IF(H5=0,I5,IF(I5>H5,H5,I5))) -> 0 | L5: =K5*G5 -> 0 | M5: =IF(J5<'Параметры ПФ'!$N$12+0.01,E5*F5*G5,ROUNDDOWN('Параметры ПФ'!$N$12/IF(H5=0,I5,IF(I5>H5,H5,I5)),0)*G5) -> 0 | N5: =IF(H5=0,I5*F5*E5,IF(I5>H5,H5*F5*E5,I5*F5*E5))-K5 -> 0
A6: Организация 2 | C6: Физкультурно-спортивная | I6: =HLOOKUP($C6,'Параметры ПФ'!$F$3:$K$8,6,FALSE)*'Параметры ПФ'!$G$19 -> 68.08 | J6: =IF(H6=0,I6*F6*E6,IF(I6>H6,H6*F6*E6,I6*F6*E6)) -> 0 | K6: =IF(J6<'Параметры ПФ'!$N$12+0.01,'Адаптированные программы'!J6,ROUNDDOWN('Параметры ПФ'!$N$12/IF(H6=0,I6,IF(I6>H6,H6,I6)),0)*IF(H6=0,I6,IF(I6>H6,H6,I6))) -> 0 | L6: =K6*G6 -> 0 | M6: =IF(J6<'Параметры ПФ'!$N$12+0.01,E6*F6*G6,ROUNDDOWN('Параметры ПФ'!$N$12/IF(H6=0,I6,IF(I6>H6,H6,I6)),0)*G6) -> 0 | N6: =IF(H6=0,I6*F6*E6,IF(I6>H6,H6*F6*E6,I6*F6*E6))-K6 -> 0
A7: Организация 2 | C7: Физкультурно-спортивная | I7: =HLOOKUP($C7,'Параметры ПФ'!$F$3:$K$8,6,FALSE)*'Параметры ПФ'!$G$19 -> 68.08 | J7: =IF(H7=0,I7*F7*E7,IF(I7>H7,H7*F7*E7,I7*F7*E7)) -> 0 | K7: =IF(J7<'Параметры ПФ'!$N$12+0.01,'Адаптированные программы'!J7,ROUNDDOWN('Параметры ПФ'!$N$12/IF(H7=0,I7,IF(I7>H7,H7,I7)),0)*IF(H7=0,I7,IF(I7>H7,H7,I7))) -> 0 | L7: =K7*G7 -> 0 | M7: =IF(J7<'Параметры ПФ'!$N$12+0.01,E7*F7*G7,ROUNDDOWN('Параметры ПФ'!$N$12/IF(H7=0,I7,IF(I7>H7,H7,I7)),0)*G7) -> 0 | N7: =IF(H7=0,I7*F7*E7,IF(I7>H7,H7*F7*E7,I7*F7*E7))-K7 -> 0
A8: Организация 3 | C8: Физкультурно-спортивная | I8: =HLOOKUP($C8,'Параметры ПФ'!$F$3:$K$8,6,FALSE)*'Параметры ПФ'!$G$19 -> 68.08 | J8: =IF(H8=0,I8*F8*E8,IF(I8>H8,H8*F8*E8,I8*F8*E8)) -> 0 | K8: =IF(J8<'Параметры ПФ'!$N$12+0.01,'Адаптированные программы'!J8,ROUNDDOWN('Параметры ПФ'!$N$12/IF(H8=0,I8,IF(I8>H8,H8,I8)),0)*IF(H8=0,I8,IF(I8>H8,H8,I8))) -> 0 | L8: =K8*G8 -> 0 | M8: =IF(J8<'Параметры ПФ'!$N$12+0.01,E8*F8*G8,ROUNDDOWN('Параметры ПФ'!$N$12/IF(H8=0,I8,IF(I8>H8,H8,I8)),0)*G8) -> 0 | N8: =IF(H8=0,I8*F8*E8,IF(I8>H8,H8*F8*E8,I8*F8*E8))-K8 -> 0
A9: Организация 2 | C9: Физкультурно-спортивная | I9: =HLOOKUP($C9,'Параметры ПФ'!$F$3:$K$8,6,FALSE)*'Параметры ПФ'!$G$19 -> 68.08 | J9: =IF(H9=0,I9*F9*E9,IF(I9>H9,H9*F9*E9,I9*F9*E9)) -> 0 | K9: =IF(J9<'Параметры ПФ'!$N$12+0.01,'Адаптированные программы'!J9,ROUNDDOWN('Параметры ПФ'!$N$12/IF(H9=0,I9,IF(I9>H9,H9,I9)),0)*IF(H9=0,I9,IF(I9>H9,H9,I9))) -> 0 | L9: =K9*G9 -> 0 | M9: =IF(J9<'Параметры ПФ'!$N$12+0.01,E9*F9*G9,ROUNDDOWN('Параметры ПФ'!$N$12/IF(H9=0,I9,IF(I9>H9,H9,I9)),0)*G9) -> 0 | N9: =IF(H9=0,I9*F9*E9,IF(I9>H9,H9*F9*E9,I9*F9*E9))-K9 -> 0
A10: Организация 2 | C10: Физкультурно-спортивная | I10: =HLOOKUP($C10,'Параметры ПФ'!$F$3:$K$8,6,FALSE)*'Параметры ПФ'!$G$19 -> 68.08 | J10: =IF(H10=0,I10*F10*E10,IF(I10>H10,H10*F10*E10,I10*F10*E10)) -> 0 | K10: =IF(J10<'Параметры ПФ'!$N$12+0.01,'Адаптированные программы'!J10,ROUNDDOWN('Параметры ПФ'!$N$12/IF(H10=0,I10,IF(I10>H10,H10,I10)),0)*IF(H10=0,I10,IF(I10>H10,H10,I10))) -> 0 | L10: =K10*G10 -> 0 | M10: =IF(J10<'Параметры ПФ'!$N$12+0.01,E10*F10*G10,ROUNDDOWN('Параметры ПФ'!$N$12/IF(H10=0,I10,IF(I10>H10,H10,I10)),0)*G10) -> 0 | N10: =IF(H10=0,I10*F10*E10,IF(I10>H10,H10*F10*E10,I10*F10*E10))-K10 -> 0
A11: Организация 2 | C11: Физкультурно-спортивная | I11: =HLOOKUP($C11,'Параметры ПФ'!$F$3:$K$8,6,FALSE)*'Параметры ПФ'!$G$19 -> 68.08 | J11: =IF(H11=0,I11*F11*E11,IF(I11>H11,H11*F11*E11,I11*F11*E11)) -> 0 | K11: =IF(J11<'Параметры ПФ'!$N$12+0.01,'Адаптированные программы'!J11,ROUNDDOWN('Параметры ПФ'!$N$12/IF(H11=0,I11,IF(I11>H11,H11,I11)),0)*IF(H11=0,I11,IF(I11>H11,H11,I11))) -> 0 | L11: =K11*G11 -> 0 | M11: =IF(J11<'Параметры ПФ'!$N$12+0.01,E11*F11*G11,ROUNDDOWN('Параметры ПФ'!$N$12/IF(H11=0,I11,IF(I11>H11,H11,I11)),0)*G11) -> 0 | N11: =IF(H11=0,I11*F11*E11,IF(I11>H11,H11*F11*E11,I11*F11*E11))-K11 -> 0
A12: Организация 2 | C12: Физкультурно-спортивная | I12: =HLOOKUP($C12,'Параметры ПФ'!$F$3:$K$8,6,FALSE)*'Параметры ПФ'!$G$19 -> 68.08 | J12: =IF(H12=0,I12*F12*E12,IF(I12>H12,H12*F12*E12,I12*F12*E12)) -> 0 | K12: =IF(J12<'Параметры ПФ'!$N$12+0.01,'Адаптированные программы'!J12,ROUNDDOWN('Параметры ПФ'!$N$12/IF(H12=0,I12,IF(I12>H12,H12,I12)),0)*IF(H12=0,I12,IF(I12>H12,H12,I12))) -> 0 | L12: =K12*G12 -> 0 | M12: =IF(J12<'Параметры ПФ'!$N$12+0.01,E12*F12*G12,ROUNDDOWN('Параметры ПФ'!$N$12/IF(H12=0,I12,IF(I12>H12,H12,I12)),0)*G12) -> 0 | N12: =IF(H12=0,I12*F12*E12,IF(I12>H12,H12*F12*E12,I12*F12*E12))-K12 -> 0
A13: Организация 2 | C13: Физкультурно-спортивная | I13: =HLOOKUP($C13,'Параметры ПФ'!$F$3:$K$8,6,FALSE)*'Параметры ПФ'!$G$19 -> 68.08 | J13: =IF(H13=0,I13*F13*E13,IF(I13>H13,H13*F13*E13,I13*F13*E13)) -> 0 | K13: =IF(J13<'Параметры ПФ'!$N$12+0.01,'Адаптированные программы'!J13,ROUNDDOWN('Параметры ПФ'!$N$12/IF(H13=0,I13,IF(I13>H13,H13,I13)),0)*IF(H13=0,I13,IF(I13>H13,H13,I13))) -> 0 | L13: =K13*G13 -> 0 | M13: =IF(J13<'Параметры ПФ'!$N$12+0.01,E13*F13*G13,ROUNDDOWN('Параметры ПФ'!$N$12/IF(H13=0,I13,IF(I13>H13,H13,I13)),0)*G13) -> 0 | N13: =IF(H13=0,I13*F13*E13,IF(I13>H13,H13*F13*E13,I13*F13*E13))-K13 -> 0
... A38: Организация 2 | C38: Физкультурно-спортивная | I38: =HLOOKUP($C38,'Параметры ПФ'!$F$3:$K$8,6,FALSE)*'Параметры ПФ'!$G$19 -> 68.08 | J38: =IF(H38=0,I38*F38*E38,IF(I38>H38,H38*F38*E38,I38*F38*E38)) -> 0 | K38: =IF(J38<'Параметры ПФ'!$N$12+0.01,'Адаптированные программы'!J38,ROUNDDOWN('Параметры ПФ'!$N$12/IF(H38=0,I38,IF(I38>H38,H38,I38)),0)*IF(H38=0,I38,IF(I38>H38,H38,I38))) -> 0 | L38: =K38*G38 -> 0 | M38: =IF(J38<'Параметры ПФ'!$N$12+0.01,E38*F38*G38,ROUNDDOWN('Параметры ПФ'!$N$12/IF(H38=0,I38,IF(I38>H38,H38,I38)),0)*G38) -> 0 | N38: =IF(H38=0,I38*F38*E38,IF(I38>H38,H38*F38*E38,I38*F38*E38))-K38 -> 0
G39: =SUM(G2:G38) -> 0 | H39: х | I39: х | J39: х | K39: х | L39: =SUM(L2:L38) -> 0 | M39: =SUM(M2:M38) -> 0 | N39: х
